 Dungeon Crawl Stone Soup version 0.17.1-1-g73c8601 (webtiles) character file.

476 JustSomeDude the Insei (level 6, -3/49 HPs)
             Began as a Demonspawn Monk on Jan 5, 2016.
             Slain by a centaur zombie (5 damage)
             ... in an ossuary.
             The game lasted 00:12:39 (2333 turns).

JustSomeDude the Insei (Demonspawn Monk)            Turns: 2333, Time: 00:12:40

Health: -3/49      AC: 10    Str: 11    XL:     6   Next: 84%
Magic:  6/6        EV:  6    Int: 12    God:
Gold:   127        SH:  0    Dex: 17    Spells: 0 memorised, 5 levels left

rFire  . . .     SeeInvis .       - Unarmed
rCold  . . .     Clarity  .     m - +0 chain mail
rNeg   . . .     SustAt   .     (no shield)
rPois  .         Gourm    .     (no helmet)
rElec  .         Spirit   .     n - +0 cloak
rCorr  .         Warding  .     (no gloves)
rMut   .         Stasis   .     (no boots)
MR     .....                    (no amulet)
Stlth  ..........               (no ring)
                                (no ring)

@: exhausted, slowed, very slow, not resistant to hostile enchantments,
extremely unstealthy
A: hooves 1, spiny 1
a: no special abilities


You were in an ossuary.
You were not hungry.

You visited 1 branch of the dungeon, and saw 4 of its levels.
You also visited: Ossuary.

You collected 127 gold pieces.

Inventory:

Missiles
 s - 4 tomahawks (quivered)
Armour
 a - a +0 robe
 m - a +0 chain mail (worn)
 n - a +0 cloak (worn)
 z - a +1 leather armour of cold resistance
Jewellery
 l - a +5 ring of dexterity {unknown}
 o - a +3 ring of strength {unknown}
Scrolls
 c - a scroll of identify
 g - a scroll of amnesia {unknown}
 i - a scroll of magic mapping
 j - a scroll of teleportation {unknown}
 p - a scroll of random uselessness {unknown}
 t - a scroll of noise
 u - a scroll of enchant armour {unknown}
 y - a scroll of remove curse {unknown}
Potions
 d - a potion of ambrosia {unknown}
 e - a potion of flight
 f - a potion of magic
 h - a potion of heal wounds
Comestibles
 b - 4 bread rations
 q - a meat ration


   Skills:
 + Level 4.5 Fighting
 + Level 2.6 Armour
 + Level 4.0 Dodging
 + Level 2.4 Stealth
 + Level 5.1 Unarmed Combat


You had 5 spell levels left.
You didn't know any spells.

Dungeon Overview and Level Annotations

Branches:
Dungeon (4/15)             Temple (0/1) D:4

Altars:
Dithmenos


Innate Abilities, Weirdness & Mutations

You have large cloven feet.
You are partially covered in sharp spines.


Message History

You hit the giant frog zombie.
The giant frog zombie hits you but does no damage.
You hit the giant frog zombie. Your kick misses the giant frog zombie.
Your punch misses the giant frog zombie.
The giant frog zombie hits you.
* * * LOW HITPOINT WARNING * * *
The giant frog zombie closely misses you.
You punch the giant frog zombie!
You kick the giant frog zombie, but do no damage.
The giant frog zombie barely misses you.
The giant frog zombie is struck by your spines.
The giant frog zombie hits you but does no damage.
You closely miss the giant frog zombie.
You kick the giant frog zombie, but do no damage.
The giant frog zombie is struck by your spines.
You destroy the giant frog zombie!
Your Dodging skill increases to level 4!
A centaur zombie comes into view.
The centaur zombie hits you.
You die...

#+# +..
#.#####
+.#..?#
###.Z..!#
#.'.#@..#
###.#####
#.'n'.#
###.#####
#.'.#..∩#
###.'.∩.#
#.'.#...#
###.#####
'..


You could see a centaur zombie.

Vanquished Creatures
  A bog body (Ossuary)
  2 giant frog zombies (Ossuary)
  A centaur zombie (Ossuary)
  An orc wizard (D:3)
  3 killer bee zombies (Ossuary)
  A hound zombie (Ossuary)
  The ghost of Aarh the Stinger, a weakling MfVM (D:3)
  7 mummies
  2 worker ant zombies (Ossuary)
  2 adders
  A gnoll (D:1)
  5 worms
  2 orcs (D:3)
  3 ball pythons
  10 goblins
  6 hobgoblins
  6 jackals
  A quokka (D:2)
  6 bats
  3 giant cockroaches
  2 giant cockroach zombies (Ossuary)
  4 giant newts
  4 kobolds
  A quokka zombie (Ossuary)
  11 rats
86 creatures vanquished.

Notes
Turn   | Place    | Note
--------------------------------------------------------------
     0 | D:1      | JustSomeDude the Demonspawn Monk began the quest for the Orb.
     0 | D:1      | Reached XP level 1. HP: 18/18 MP: 1/1
   174 | D:1      | Gained mutation: You have large cloven feet. [demonic ancestry]
   174 | D:1      | Reached XP level 2. HP: 17/24 MP: 2/2
   205 | D:1      | HP: 1/24 [jackal (2)]
   594 | D:1      | Reached XP level 3. HP: 25/29 MP: 3/3
   623 | D:1      | Reached skill level 4 in Unarmed Combat
  1106 | D:2      | Found a shadowy altar of Dithmenos.
  1321 | D:2      | Gained mutation: You are partially covered in sharp spines. [demonic ancestry]
  1321 | D:2      | Reached XP level 4. HP: 34/37 MP: 4/4
  1532 | D:3      | Reached skill level 1 in Armour
  1725 | D:3      | Noticed Aarh's ghost (weakling MfVM)
  1732 | D:3      | Killed Aarh's ghost
  1732 | D:3      | Reached XP level 5. HP: 39/42 MP: 5/5
  2077 | D:4      | Found a sand-covered staircase.
  2085 | Ossuary  | Entered an ossuary
  2174 | Ossuary  | Reached XP level 6. HP: 10/48 MP: 6/6
  2280 | Ossuary  | Reached skill level 5 in Unarmed Combat
  2289 | Ossuary  | HP: 1/49 [hound zombie (3)]
  2300 | Ossuary  | HP: 1/49 [worker ant zombie (3)]
  2327 | Ossuary  | HP: 2/49 [giant frog zombie (4)]
  2333 | Ossuary  | Noticed a centaur zombie
  2333 | Ossuary  | Slain by a centaur zombie

Action                   |  1- 3 |  4- 6 || total
-------------------------+-------+-------++-------
Melee: Unarmed           |   181 |   142 ||   323
  Use: Potion            |       |    11 ||    11
       Scroll            |       |     4 ||     4
 Stab: Sleeping          |     4 |       ||     4
       Invisible         |       |     5 ||     5
  Eat: Chunk             |     2 |     2 ||     4
       Meat ration       |       |     1 ||     1
